 Dungeon Crawl Stone Soup version 0.29.1-1-gd02db6906a (console) character file.

Game seed: 14579298077943797707

14692 om the Protected (level 11, -8/92 HPs)
             Began as a Minotaur Fighter on Oct 18, 2022.
             Was an Elder of the Shining One.
             Mangled by a basilisk (10 damage)
             ... while petrified by a basilisk
             ... on level 11 of the Dungeon.
             The game lasted 00:31:50 (15632 turns).

om the Protected (Minotaur Fighter)                Turns: 15632, Time: 00:31:51

Health: -8/92      AC: 12    Str: 23    XL:     11   Next: 92%
Magic:  0/17       EV:  2    Int:  5    God:    the Shining One [****..]
Gold:   667        SH:  0    Dex: 16    Spells: 10/10 levels left

rFire   + . .      SeeInvis .   a - +0 war axe
rCold   . . .      Faith    .   s - +0 kite shield
rNeg    + + +      Spirit   +   c - +2 ring mail {rF+}
rPois   ∞          Reflect  .   (helmet restricted)
rElec   .          Harm     .   J - +0 cloak
rCorr   .          Rampage  .   (no gloves)
Will    .....                   H - +0 pair of boots of Mumblety Peg {Dex+4}
Stlth   +.........              r - amulet of guardian spirit
HPRegen 0.25/turn               E - +4 ring of evasion
MPRegen 0.15/turn               o - ring of flight

@: petrified, marked, flying, glowing
A: horns 2, retaliatory headbutt
a: Renounce Religion, Divine Shield, Cleansing Flame


You were on level 11 of the Dungeon.
You worshipped the Shining One.
The Shining One was greatly pleased with you.
You visited 2 branches of the dungeon, and saw 12 of its levels.
You also visited: Bailey.

You collected 667 gold pieces.

Inventory:

Hand Weapons
 a - a +0 war axe (weapon)
 b - a +2 sling of venom
 l - a +0 spear
 u - a +0 trident
 M - a +1 vorpal double sword
Missiles
 f - 3 throwing nets
Armour
 c - a +2 ring mail of fire resistance (worn)
 s - a +0 kite shield (worn)
 H - the +0 pair of boots of Mumblety Peg (worn) {Dex+4}
   (You acquired it on level 11 of the Dungeon)

   Dex:       It affects your dexterity (+4).
 J - a +0 cloak (worn)
Magical Staves
 t - a staff of fire
Jewellery
 o - a ring of flight (right hand)
 p - a ring of see invisible
 r - an amulet of guardian spirit (around neck)
 D - a +6 ring of intelligence
 E - a +4 ring of evasion (left hand)
 Q - a +6 ring of dexterity
Wands
 m - a wand of iceblast (4)
 w - a wand of mindburst (4)
 x - a wand of charming (18)
 y - a wand of digging (3)
 B - a wand of flame (34)
Scrolls
 g - 2 scrolls of fear
 h - 6 scrolls of immolation
 i - 3 scrolls of enchant weapon
 k - a scroll of silence
 F - a scroll of enchant armour
 G - a scroll of magic mapping
 I - a scroll of fog
 O - a scroll of summoning
 P - a scroll of amnesia
Potions
 d - 2 potions of might
 j - 3 potions of berserk rage
 n - a potion of lignification
 q - 5 potions of curing
 v - a potion of resistance
 A - a potion of flight
 L - a potion of cancellation {unknown}
Miscellaneous
 C - a piece from Xom's chessboard (13/15)


   Skills:
 - Level 7.0 Fighting
 * Level 10.2 Axes
 + Level 8.5 Ranged Weapons
 * Level 11.0 Armour
 + Level 5.0 Dodging
 + Level 8.6 Shields
 * Level 9.4 Invocations


You had 10 spell levels left.
You didn't know any spells.
Your spell library contained the following spells:

 Spells                   Type           Power      Damage    Failure   Level
 Beastly Appendage        Tmut           0%         N/A       88%         1
 Magic Dart               Conj           0%         1d3       88%         1
 Slow                     Hex            0%         N/A       88%         1
 Call Imp                 Summ           0%         N/A       95%         2
 Wereblood                Tmut           0%         N/A       95%         2
 Confusing Touch          Hex            0%         N/A       99%         3
 Mephitic Cloud           Conj/Pois/Air  0%         N/A       99%         3
 Portal Projectile        Hex/Tloc       0%         N/A       99%         3
 Spider Form              Tmut/Pois      0%         N/A       99%         3
 Vampiric Draining        Necr           0%         2d6       99%         3
 Leda's Liquefaction      Hex/Erth       0%         N/A       100%        4
 Metabolic Englaciation   Hex/Ice        0%         N/A       100%        5


Dungeon Overview and Level Annotations

Branches:
Dungeon (11/15)            Temple (1/1) D:6             Orc (0/2) D:11
 Bailey (visited)
   Lair: D:8-11

Altars:
Ashenzari
Cheibriados
Dithmenos
Elyvilon
Fedhas
Gozag
Hepliaklqana
Kikubaaqudgha
Makhleb
Nemelex Xobeh
Okawaru
Qazlal
Ru
Sif Muna
Trog
Uskayaw
Vehumet
Wu Jian
Xom
Yredelemnul
Zin
The Shining One

Shops:
D:9 [=

Annotations:
D:6 3 runed translucent doors, miserystealer's ghost, novice GnAM; quakins's ghost, novice OgCA
D:10 4 transporters


Innate Abilities, Weirdness & Mutations

You have a pair of horns on your head.
You reflexively headbutt those who attack you in melee.


Message History

You don't have enough magic at the moment.
You are confused.
You feel invigorated. The unseen horror hits you!
* * * LOW HITPOINT WARNING * * *
The cyclops hits you!
* * * LOW HITPOINT WARNING * * *
You bump into the rock wall.
The unseen horror misses you. The basilisk gazes at you.
You are slowing down.
The cyclops hits you!!
* * * LOW HITPOINT WARNING * * *
Unknown command.
You hit the cyclops.
You headbutt the cyclops, but do no damage.
The cyclops is lightly wounded.
You miss the basilisk. You completely miss the unseen horror.
The unseen horror hits you but does no damage.
The unseen horror hits you.
* * * LOW HITPOINT WARNING * * *
The basilisk bites you!
* * * LOW HITPOINT WARNING * * *
The cyclops hits you!!
* * * LOW HITPOINT WARNING * * *
The basilisk barely misses you.
Your limbs are stiffening.
Unknown command.
You are too confused!
You feel better.
You feel less invigorated. The unseen horror closely misses you.
You furiously retaliate!
You headbutt the unseen horror!
The unseen horror hits you but does no damage.
The basilisk bites you!
* * * LOW HITPOINT WARNING * * *
You block the cyclops's attack.
You have turned to stone.
The unseen horror hits you but does no damage.
The basilisk gazes at you. You resist with some effort. The cyclops hits you!!
* * * LOW HITPOINT WARNING * * *
The unseen horror hits you but does no damage.
The basilisk bites you!!
You die...

...C..#.....o....
...........>.....
.................
.....$..#8...8#..
........###+### .
........#
........# ####
......>.# #x.#
........# #.@#
..##....# #lC# ..
#....#######oo#
..
#.......).....# .
#...###.......#
##### #.......#
#.......#
#.......#
#########


You could see a cyclops, an unseen horror (invisible), a basilisk (strong) and 2
orcs.

Vanquished Creatures
  A hydra (D:11)
  A centaur warrior (D:9)
  A boulder beetle (D:7)
  5 two-headed ogres
  Urug (D:10)
  Maurice (D:10)
  Maggie (D:7)
  An unseen horror (D:9)
  A vampire (D:10)
  Grum (D:10)
  A basilisk (D:9)
  A wyvern (D:7)
  8 yaks
  A steam dragon (D:9)
  3 vampire mosquitoes (D:9)
  The ghost of BigDaddyOpFi the Trooper, an amateur OpFi (D:4)
  2 water moccasins
  2 orc warriors
  2 ice beasts
  A sky beast (D:7)
  3 black bears
  2 ogres (D:6)
  2 centaurs
  10 wolves
  A phantom (D:5)
  4 bullfrogs
  8 gnoll sergeants
  4 scorpions
  A necrophage (D:7)
  5 wights
  21 killer bees
  6 howler monkeys
  4 quasits (D:4)
  A jelly (D:7)
  4 hounds
  5 gnoll boudas
  7 orc priests
  3 iguanas
  Ijyb (D:5)
  11 orc wizards
  Natasha (thrice) (D:2)
  The ghost of alphun the Sneak, a weakling KoDe (D:5)
  A mummy (D:7)
  Robin (D:2)
  6 adders
  23 gnolls
  A shadow imp (D:7)
  3 white imps (D:7)
  4 ufetubi
  2 worms (D:3)
  3 dart slugs
  38 orcs
  7 endoplasms
  5 giant cockroaches
  21 goblins
  10 hobgoblins
  17 jackals
  5 kobolds
  3 quokkas
  5 ball pythons
  10 bats
  2 frilled lizards
  A hobgoblin zombie (D:7)
  An orc zombie (D:7)
  8 rats
320 creatures vanquished.

Vanquished Creatures (others)
  An orc wizard (D:5)
1 creature vanquished.

Grand Total: 321 creatures vanquished

Notes
Turn   | Place    | Note
-------+----------+-------------------------------------------
     0 | D:1      | om the Minotaur Fighter began the quest for the Orb.
     0 | D:1      | Reached XP level 1. HP: 19/19 MP: 0/0
   234 | D:1      | Reached XP level 2. HP: 27/27 MP: 1/1
   711 | D:1      | Reached XP level 3. HP: 32/33 MP: 2/2
   712 | D:1      | Reached skill level 4 in Armour
   774 | D:1      | Found a faded altar of an unknown god.
  1006 | D:2      | Noticed Robin
  1439 | D:2      | Reached XP level 4. HP: 40/40 MP: 3/3
  1466 | D:2      | Noticed Natasha
  1472 | D:2      | Killed Natasha
  1508 | D:2      | Reached skill level 5 in Axes
  1694 | D:2      | Killed Robin
  1792 | D:2      | You are sucked into a shaft and drop 2 floors!
  1805 | D:4      | Reached XP level 5. HP: 45/46 MP: 4/4
  1916 | D:3      | Reached skill level 1 in Ranged Weapons
  2037 | D:2      | Noticed Natasha
  2043 | D:2      | Killed Natasha
  2144 | D:2      | Noticed Natasha
  2151 | D:2      | Killed Natasha
  2998 | D:4      | Noticed BigDaddyOpFi's ghost (amateur OpFi)
  3096 | D:4      | Reached XP level 6. HP: 19/52 MP: 1/5
  3670 | D:4      | Found a transporter.
  3712 | D:4      | Found a transporter.
  3850 | D:5      | Entered Level 5 of the Dungeon
  4105 | D:5      | Noticed an ice beast
  4114 | D:5      | Killed an ice beast
  4273 | D:5      | Reached XP level 7. HP: 58/59 MP: 6/6
  4447 | D:5      | Found a glowing silver altar of Zin.
  4468 | D:5      | Found a runed translucent gate.
  4468 | D:5      | Found a runed translucent gate.
  4468 | D:5      | Found a runed translucent gate.
  4469 | D:5      | Noticed alphun's ghost (weakling KoDe)
  4479 | D:5      | Killed alphun's ghost
  4480 | D:5      | Reached skill level 1 in Dodging
  4604 | D:5      | Noticed Ijyb
  4609 | D:5      | Killed Ijyb
  4768 | D:5      | Found a broken altar of Ashenzari.
  5222 | D:6      | Reached skill level 5 in Fighting
  5272 | D:6      | Found a runed translucent gate.
  5274 | D:6      | Found a runed translucent gate.
  5275 | D:6      | Found a runed translucent gate.
  5310 | D:6      | Noticed miserystealer's ghost (novice GnAM)
  5311 | D:6      | Noticed quakins's ghost (novice OgCA)
  5337 | D:6      | Reached skill level 5 in Armour
  5361 | D:6      | Reached skill level 5 in Ranged Weapons
  5361 | D:6      | Reached skill level 5 in Shields
  5361 | D:6      | Reached XP level 8. HP: 50/68 MP: 5/7
  6052 | D:6      | Found a staircase to the Ecumenical Temple.
  6058 | Temple   | Entered the Ecumenical Temple
  6133 | Temple   | Became a worshipper of the Shining One
  6220 | D:7      | Noticed Maggie
  6303 | D:7      | Found a flagged portal.
  6317 | Bailey   | Entered a bailey
  6647 | Bailey   | Reached skill level 6 in Armour
  6852 | Bailey   | Reached XP level 9. HP: 75/75 MP: 8/8
  7264 | Bailey   | Reached * piety under the Shining One
  7534 | Bailey   | Got the Secrets of Execration
  7866 | D:7      | Found an ancient bone altar of Kikubaaqudgha.
  7956 | D:7      | Reached skill level 7 in Armour
  8097 | D:7      | Killed Maggie
  8098 | D:7      | Reached skill level 8 in Armour
  8102 | D:7      | Noticed a boulder beetle
  8403 | D:7      | Found a shimmering blue altar of Sif Muna.
  8461 | D:7      | Reached ** piety under the Shining One
  8507 | D:7      | Killed a boulder beetle
  8508 | D:7      | Reached skill level 9 in Armour
  8508 | D:7      | Reached XP level 10. HP: 24/86 MP: 2/9
  9129 | D:8      | Reached skill level 10 in Armour
  9134 | D:8      | Reached skill level 1 in Invocations
 10875 | D:9      | Reached skill level 5 in Invocations
 11063 | D:9      | Reached *** piety under the Shining One
 11421 | D:9      | Found a radiant altar of Vehumet.
 11524 | D:9      | Noticed a two-headed ogre
 11543 | D:9      | Killed a two-headed ogre
 11544 | D:9      | Reached XP level 11. HP: 22/92 MP: 3/15
 11871 | D:9      | Noticed a centaur warrior
 11882 | D:9      | Killed a centaur warrior
 12344 | D:9      | Found Yttyos's Armour Shop.
 12416 | D:9      | Found Ylifium's Jewellery Shop.
 12628 | D:10     | Entered Level 10 of the Dungeon
 12628 | D:10     | Noticed a two-headed ogre
 12891 | D:10     | Noticed Maurice
 12894 | D:10     | Killed a two-headed ogre
 13076 | D:10     | Killed Maurice
 13112 | D:10     | Found a transporter.
 13132 | D:10     | Found a transporter.
 13152 | D:10     | Noticed a two-headed ogre
 13163 | D:10     | Killed a two-headed ogre
 13748 | D:10     | Found a burning altar of Makhleb.
 13748 | D:10     | Found a snail-covered altar of Cheibriados.
 13748 | D:10     | Noticed Urug
 13764 | D:10     | Killed Urug
 14075 | D:10     | Found a faded altar of an unknown god.
 14077 | D:10     | Found a basalt altar of Yredelemnul.
 14079 | D:10     | Found a faded altar of an unknown god.
 14138 | D:10     | Found a transporter.
 14172 | D:10     | Noticed Grum
 14186 | D:10     | Killed Grum
 14354 | D:10     | Noticed a two-headed ogre
 14376 | D:10     | Killed a two-headed ogre
 14590 | D:10     | Found a transporter.
 14870 | D:4      | Killed BigDaddyOpFi's ghost
 14870 | D:4      | Reached **** piety under the Shining One
 15130 | D:11     | Noticed a two-headed ogre
 15144 | D:11     | Killed a two-headed ogre
 15145 | D:11     | Reached skill level 10 in Axes
 15180 | D:11     | Noticed a five-headed hydra
 15194 | D:11     | Killed a five-headed hydra
 15195 | D:11     | Reached skill level 11 in Armour
 15195 | D:11     | Reached skill level 5 in Dodging
 15200 | D:11     | Noticed a seven-headed hydra
 15514 | D:11     | Found a staircase to the Orcish Mines.
 15527 | D:11     | Identified a scroll of acquirement
 15534 | D:11     | Acquired the +0 pair of boots of Mumblety Peg {Dex+4}
 15551 | D:11     | Noticed a six-headed hydra
 15629 | D:11     | HP: 1/92 [cyclops (9)]
 15632 | D:11     | Mangled by a basilisk

Illustrated notes

Levels and vault maps discovered:
D:1:      wander_arrival_estate, layout_loops_ring, serial_rivers,
          chequers_serial_rivers_micro_b, chequers_serial_rivers_room_a,
          chequers_serial_rivers_micro_c, chequers_serial_rivers_small_a,
          hellmonk_ecumenical_altar_blasted, minmay_tiny_reverse_x
D:2:      kennysheep_big_flooded_room, layout_rooms, uniq_natasha, uniq_robin
D:3:      layout_loops_cross, kennysheep_generic_room_6
D:4:      layout_rooms, gammafunk_ghost_stat_death, due_unseen_surprise
D:5:      layout_loops_corners, lemuel_crystal_altar,
          nicolae_ashenzari_panopticon, ebering_ghost_rock_garden, uniq_ijyb
D:6:      layout_basic, minmay_temple_entry_nine_rooms, gammafunk_ghost_cemetery
D:7:      hangedman_cross_stitches, layout_rooms, mainiacjoe_overflow_alcove_2,
          nicolae_sif_muna_little_library, lightli_bailey_entry_fortress,
          nicolae_ossuary_entry_giza, chequers_garden, uniq_maggie
D:8:      layout_cave_pools, david_defended_altar_orc
D:9:      kennysheep_blocky_room, layout_small_grid, fiery_altar_vehumet,
          serial_shops, shop, shop
D:10:     layout_irregular_city, chequers_temple_overflow_minitemple,
          nicolae_transporter_intersection, uniq_urug, uniq_maurice, uniq_grum
D:11:     layout_basic, lair_entry_dummy, minmay_orc_entry_temple_small
Temple:   zaba_magenta_temple

Skill      XL: |  1  2  3  4  5  6  7  8  9 10 11 |
---------------+----------------------------------+-----
Axes           | 3 4 5 6 7 9 10 | 10.2
Shields        | 4 5 6 8 |  8.6
Fighting       | 4 5 6 7 |  7.0
Armour         | 4 5 6 9 10 11 | 11.0
Ranged Weapons | 2 4 5 6 8 |  8.5
Dodging        | 2 4 5 |  5.0
Invocations    | 7 9 |  9.4

Action                   |  1- 3 |  4- 6 |  7- 9 | 10-12 || total
-------------------------+-------+-------+-------+-------++-------
Melee: War axe           |    96 |   113 |   142 |   166 ||   517
       Headbutt          |    12 |    14 |    27 |    40 ||    93
 Fire: Sling             |       |    67 |   273 |   252 ||   592
Evoke: Wand              |       |       |       |     2 ||     2
       Piece from Xom's  |       |       |       |     2 ||     2
  Use: Potion            |       |     2 |     1 |     8 ||    11
       Scroll            |       |     7 |     9 |    14 ||    30
Armor: Scale mail        |    59 |    52 |       |       ||   111
       Ring mail         |       |    16 |    94 |   122 ||   232
Dodge: Dodged            |    47 |    60 |   123 |   282 ||   512
Block: Buckler           |    27 |    13 |       |       ||    40
       Kite shield       |       |    24 |   142 |   242 ||   408
